AoeStats
← KootH.

Arena

505356258Analyzed
4v4 RM · 24d ago on Sep 9, 2026· 32m 20s· 8 players
Game mode
Random Map
Map size
Large (8 player)
Population
200
Speed
Normal
Resources
Standard
Victory
Conquest
Starting age
Dark Age
Ending age
Imperial Age
RankedLock teamsTeams togetherTeam positionsShared explorationLock speedFull tech treeHidden civsTurbo modeCheats
Victory
Defeat
🇳🇿 Britons · New Zealand
1439
+15
🇨🇿 Romans · Czechia
1438
+15
🇺🇸 Franks · United States
1339
+19
1331
+19
🇨🇴 Magyars · Colombia
1446
-19
🇵🇪 Maya · Peru
1444
-18
🇦🇷 Celts · Argentina
1400
-17
🇦🇷 Inca · Argentina
1327
-14
damiansima
11:40 Feudal Age
15:32 Castle Age
13:37 Double-Bit Axe
13:33 Horse Collar
13:45 Gold Mining
16:47 Bow Saw
22:00 Loom
24:07 Wheelbarrow
24:13 Stone Mining
24:59 Gold Shaft Mining
26:42 Stone Shaft Mining
31:02 Imperial Age
28:34 Scale Mail Armor
28:44 Forging
27:56 Pikeman
28:21 Arson
29:40 Ballistics
29:31 Masonry
29:01 Treadmill Crane
29:13 Fletching
29:39 Chain Mail Armor
29:11 Gambesons
32:16 Plate Mail Armor
32:22 Iron Casting
31:12 Capped Ram
32:24 Hand Cart
31:54 Town Watch
31:33 Halberdier
KootH.
9:41 Feudal Age
13:54 Castle Age
12:12 Double-Bit Axe
12:44 Horse Collar
15:05 Bow Saw
ACN_Mk
0:26 Loom
10:24 Feudal Age
14:12 Castle Age
12:40 Double-Bit Axe
13:03 Horse Collar
17:07 Bow Saw
19:10 Squires
19:35 Eagle Warrior
22:12 Heavy Plow
23:02 Town Watch
25:47 Wheelbarrow
26:13 Gold Mining
27:09 Scale Mail Armor
27:42 Stone Mining
32:25 Imperial Age
29:47 Crossbowman
30:58 Fletching
31:36 Hul'che Javelineers
31:44 Padded Archer Armor
32:07 Elite Skirmisher
32:47 Bodkin Arrow
JUNCAL
11:04 Feudal Age
11:59 Double-Bit Axe
11:55 Horse Collar
15:51 Castle Age
15:00 Scale Mail Armor
Finlinskiboi
7:00 Loom
10:18 Feudal Age
14:17 Castle Age
12:54 Scale Mail Armor
14:39 Pikeman
17:47 Double-Bit Axe
21:11 Squires
21:03 Arson
21:21 Squires
22:15 Wheelbarrow
24:42 Hand Cart
25:10 Forging
25:06 Scale Barding Armor
27:10 Husbandry
27:42 Chain Barding Armor
29:20 Iron Casting
31:56 Bow Saw
34:47 Imperial Age
Bananaman651
8:46 Feudal Age
10:06 Loom
12:44 Castle Age
12:04 Double-Bit Axe
26:49 Gold Mining
Not Ben
10:24 Feudal Age
14:42 Castle Age
12:58 Double-Bit Axe
12:53 Horse Collar
21:01 Wheelbarrow
24:30 Fervor
25:03 Heavy Plow
29:00 Imperial Age
27:45 Fletching
27:56 Padded Archer Armor
28:44 Bodkin Arrow
29:06 Hand Cart
28:37 Town Watch
28:37 Loom
30:00 Ballistics
29:56 Bracer
30:22 Forging
30:13 Scale Mail Armor
31:32 Chemistry
30:35 Gold Mining
30:35 Stone Mining
30:45 Stone Mining
32:05 Iron Casting
31:45 Leather Archer Armor
31:22 Man-at-Arms
32:26 Chain Mail Armor
32:09 Long Swordsman
帝国时代2--叶枫
11:13 Feudal Age
16:02 Castle Age
14:05 Double-Bit Axe
14:35 Horse Collar
21:41 Gold Mining
22:53 Heavy Plow
23:31 Gold Shaft Mining
24:17 Wheelbarrow
24:37 Stone Mining
26:16 Bow Saw
26:14 Husbandry
26:24 Bloodlines
28:33 Stone Shaft Mining
29:51 Grand Trunk Road
32:45 Imperial Age
30:30 Scale Mail Armor
31:13 Forging
31:31 Chain Mail Armor
31:28 Squires
32:34 Iron Casting
32:03 Fletching
Connection lost

Rejoining the realm…

Still unreachable

The connection could not be restored.

Session expired

The server has moved on; the page needs a fresh start.